 Dungeon Sprint DCSS version 0.28.0-45-g0d030f2227 (webtiles) character file.

Game seed: 3453849504449869345

14709 boopmooplesden the Minotaur Blade (level 11, 0/126 HPs)
             Began as a Minotaur Berserker on Apr 13, 2022.
             Was the Champion of Trog.
             Engulfed by a cloud of freezing vapour (15 damage)
             ... in the Dungeon (Sprint III: "The Ten Rune Challenge").
             The game lasted 00:15:10 (4364 turns).

boopmooplesden the Minotaur Blade (MiBe)            Turns: 4364, Time: 00:15:11

Health: 0/126      AC: 11    Str: 23    XL:     11   Next: 92%
Magic:  10/10      EV: 15    Int:  6    God:    Trog [******]
Gold:   2315       SH:  0    Dex: 11    Spells: 10/10 levels left

rFire   . . .      SeeInvis .   p - +6 demon blade of Dawn {flame, rN+}
rCold   + . .      Faith    .   (no shield)
rNeg    + + .      Spirit   .   u - +2 scale mail {rC+}
rPois   +          Reflect  .   (helmet restricted)
rElec   .          Harm     .   (no cloak)
rCorr   .          Rampage  .   (no gloves)
Will    .....      NoTele   +   (no boots)
Stlth   +.........              (no amulet)
HPRegen 0.31/turn               s - ring of positive energy
MPRegen 0.12/turn               t - ring of poison resistance

@: on berserk cooldown, slowed, very slow
A: horns 2, retaliatory headbutt
a: Renounce Religion, Berserk, Trog's Hand, Brothers in Arms


You were in the Dungeon.
You worshipped Trog.
Trog was exalted by your worship.
You visited 1 branch You collected 2715 gold pieces.
You spent 400 gold pieces at shops.

Inventory:

Hand Weapons
 a - a +0 falchion
 c - a +3 triple sword
 d - a +2 long sword of holy wrath
 e - a +5 great sword of flaming
 o - a +4 scimitar of flaming
 p - the +6 demon blade of Dawn (weapon) {flame, rN+}
   (Trog gifted it to you in the Dungeon)

   It burns those it strikes, dealing additional fire damage.
   Big, fiery blades are also staple armaments of hydra-hunters.
   rN:        It protects you from negative energy.
 r - a +0 scimitar
Armour
 b - a +0 animal skin
 m - a +0 leather armour
 q - a +0 chain mail
 u - a +2 scale mail of cold resistance (worn)
Jewellery
 s - a ring of positive energy (left hand)
 t - a ring of poison resistance (right hand)
Scrolls
 j - 2 scrolls of holy word {unknown}
 k - 4 scrolls of identify
Potions
 f - 2 potions of magic
 g - a potion of berserk rage
 h - a potion of curing
 i - 3 potions of mutation {unknown}
 l - 3 potions of flight
Miscellaneous
 n - a piece from Xom's chessboard (15/15)


   Skills:
 + Level 20.8 Fighting
 + Level 21.7 Long Blades
 + Level 12.3 Armour
 + Level 14.0 Dodging
 + Level 4.1 Stealth
 + Level 1.4 Evocations


You had 10 spell levels left.
You didn't know any spells.
Your spell library was empty.

Dungeon Overview and Level Annotations

Branches:
Dungeon (1/1)

Altars:
Cheibriados
Dithmenos
Elyvilon
Fedhas
Gozag
Hepliaklqana
Kikubaaqudgha
Makhleb
Nemelex Xobeh
Okawaru
Qazlal
Ru
Sif Muna
Trog
Uskayaw
Vehumet
Wu Jian
Xom
Yredelemnul
Zin
The Shining One
Beogh
Jiyva
Lugonu

Shops:
D =


Innate Abilities, Weirdness & Mutations

You have a pair of horns on your head.
You reflexively headbutt those who attack you in melee.


Message History

You are engulfed in freezing vapours.
You resist.
You open the door.
A black mamba simulacrum, a four-headed hydra simulacrum, a fire dragon simulacrum and a polar bear simulacrum come into view.
You are engulfed in freezing vapours.
You resist. The fire dragon simulacrum bites you.
The fire dragon simulacrum freezes you. You resist.
The fire dragon simulacrum barely misses you.
The fire dragon simulacrum tramples you but does no damage.
Found four items.
You are engulfed in freezing vapours.
You resist.
The fire dragon simulacrum barely misses you.
You furiously retaliate!
You headbutt the fire dragon simulacrum!
The fire dragon simulacrum claws you but does no damage.
The fire dragon simulacrum tramples you.
You hold your ground!
You slash the fire dragon simulacrum!
You melt the fire dragon simulacrum!
The fire dragon simulacrum vaporises!
Trog accepts your kill.
You slash the polar bear simulacrum!
You melt the polar bear simulacrum!
You headbutt the polar bear simulacrum.
The polar bear simulacrum vaporises!
Trog accepts your kill.
You are engulfed in freezing vapours.
You resist.
* * * LOW HITPOINT WARNING * * *
You slice the black mamba simulacrum!!
You melt the black mamba simulacrum!
The black mamba simulacrum vaporises!
Trog accepts your kill.
You are engulfed in freezing vapours.
You resist.
* * * LOW HITPOINT WARNING * * *
You hack one of the four-headed hydra simulacrum's heads off!
You slice the three-headed hydra simulacrum!!
You melt the three-headed hydra simulacrum!
You headbutt the three-headed hydra simulacrum.
The three-headed hydra simulacrum vaporises!
Trog accepts your kill.
You are engulfed in freezing vapours.
You resist.
* * * LOW HITPOINT WARNING * * *
You are engulfed in freezing vapours.
You resist.
You die...

▓▓▓▓▓▓▓▓▓▓▓▓▓▓▓▓▓#.#.#.#.#.......
≈≈≈........≈≈≈...##.#.#.##.......
♣≈≈≈≈≈≈≈≈≈≈≈≈♣♣P.'.#.#.#.#.......
♣♣♣♣♣♣♣♣♣♣♣♣♣♣♣PP##)#.#.#########
♣ ♣♣♣##'#####
♣♣♣♣♣♣♣♣♣♣♣♣♣♣♣♣♣#...
##..##≈≈≈≈≈≈..#/)#...#
#.##)#≈≈≈≈≈...#/}#...#
.##.##'≈≈≈≈°####@#####
.##.÷.#÷≈..☼○°☼§○#
#÷##).#≈..'#######
#.#####...#.))(..#
..##......#♣♣♣._.# ####+######
#####


There were no monsters in sight!

Vanquished Creatures
  Dowan (D)
  2 hydras (D)
  A centaur warrior (D)
  Erica (D)
  An orc high priest (D)
  Urug (D)
  A spriggan druid (D)
  A lindwurm (D)
  A deep elf pyromancer (D)
  Duvessa (D)
  2 cane toads (D)
  2 unseen horrors (D)
  A rime drake (D)
  A komodo dragon (D)
  A queen bee (D)
  2 tyrant leeches (D)
  5 blink frogs (D)
  3 wandering mushrooms (D)
  A shadow (D)
  2 spriggans (D)
  3 redbacks (D)
  A spatial vortex (D)
  A hydra simulacrum (D)
  A swamp drake (D)
  A fire dragon simulacrum (D)
  A necrophage (D)
  2 orc warriors (D)
  A black mamba simulacrum (D)
  2 centaurs (D)
  An earth elemental (D)
  A water elemental (D)
  32 killer bees (D)
  An electric eel (D)
  A jelly (D)
  A wizard (D)
  3 orc wizards (D)
  A polar bear simulacrum (D)
  A necromancer (D)
  3 humans (D)
  A kobold demonologist (D)
  An adder (D)
  A phantom (D)
  5 orcs (D)
  An endoplasm (D)
  3 rats (D)
101 creatures vanquished.

Vanquished Creatures (collateral kills)
  A death drake (D)
  An orc sorcerer (D)
  An orc warrior (D)
  2 orc wizards (D)
  2 orcs (D)
  A giant cockroach (D)
8 creatures vanquished.

Grand Total: 109 creatures vanquished

Notes
Turn   | Place    | Note
-------+----------+-------------------------------------------
     0 | D        | boopmooplesden the Minotaur Berserker began the quest for
                  | the Orb.
     0 | D        | Reached XP level 1. HP: 19/19 MP: 0/0
     5 | D        | Reached skill level 4 in Long Blades
    12 | D        | Reached ** piety under Trog
    40 | D        | Reached skill level 5 in Fighting
    40 | D        | Reached skill level 5 in Long Blades
    40 | D        | Reached XP level 2. HP: 29/29 MP: 1/1
   309 | D        | Noticed a water elemental
   317 | D        | Killed a water elemental
   317 | D        | Reached *** piety under Trog
   318 | D        | Reached skill level 7 in Long Blades
   318 | D        | Reached XP level 3. HP: 5/39 MP: 2/2
   318 | D        | Reached XP level 4. HP: 6/47 MP: 3/3
   596 | D        | Found a basalt altar of Yredelemnul.
   596 | D        | Found a shadowy altar of Dithmenos.
   596 | D        | Found a sacrificial altar of Ru.
   596 | D        | Noticed a necrophage
   598 | D        | Reached skill level 8 in Long Blades
   607 | D        | Killed a necrophage
   608 | D        | Reached skill level 9 in Long Blades
   608 | D        | Reached XP level 5. HP: 34/56 MP: 4/4
   732 | D        | Found a hide-covered altar of Uskayaw.
   732 | D        | Found an iron altar of Okawaru.
   733 | D        | Found a bloodstained altar of Trog.
   733 | D        | Found an ornate altar of the Wu Jian Council.
   733 | D        | Noticed a human
   733 | D        | Noticed a human
   744 | D        | Killed a human
   745 | D        | Reached skill level 11 in Long Blades
   745 | D        | Reached skill level 5 in Armour
   745 | D        | Reached skill level 5 in Dodging
   745 | D        | Reached XP level 6. HP: 66/66 MP: 5/5
   751 | D        | Killed a human
   751 | D        | Reached **** piety under Trog
   752 | D        | Reached skill level 10 in Fighting
   752 | D        | Reached skill level 12 in Long Blades
   798 | D        | Found a radiant altar of Vehumet.
   798 | D        | Found a shimmering blue altar of Sif Muna.
   798 | D        | Found an ancient bone altar of Kikubaaqudgha.
   910 | D        | Found a glowing silver altar of Zin.
   911 | D        | Found a glowing golden altar of the Shining One.
   911 | D        | Found a white marble altar of Elyvilon.
   911 | D        | Noticed a deep elf pyromancer
   923 | D        | HP: 1/67 [deep elf pyromancer/+2 long sword of holy wrath
                  | (4)]
   928 | D        | Killed a deep elf pyromancer
   928 | D        | Reached ***** piety under Trog
   929 | D        | Reached skill level 14 in Long Blades
   929 | D        | Reached skill level 1 in Stealth
   929 | D        | Reached XP level 7. HP: 31/77 MP: 6/6
  1235 | D        | Noticed a shadow
  1237 | D        | Killed a shadow
  1238 | D        | Reached XP level 8. HP: 77/84 MP: 7/7
  1244 | D        | Found a blossoming altar of Fedhas.
  1244 | D        | Found a stormy altar of Qazlal.
  1244 | D        | Found a snail-covered altar of Cheibriados.
  1244 | D        | Found a burning altar of Makhleb.
  1244 | D        | Found a shimmering altar of Xom.
  1245 | D        | Found a hazy altar of Hepliaklqana.
  1245 | D        | Found an opulent altar of Gozag.
  1245 | D        | Found a sparkling altar of Nemelex Xobeh.
  1245 | D        | Found a corrupted altar of Lugonu.
  1245 | D        | Found a viscous altar of Jiyva.
  1254 | D        | Reached skill level 15 in Long Blades
  1264 | D        | Noticed Erica
  1272 | D        | Killed Erica
  1272 | D        | Received a gift from Trog
  1273 | D        | Reached skill level 16 in Long Blades
  1537 | D        | Noticed a centaur warrior
  1543 | D        | Killed a centaur warrior
  1544 | D        | Reached skill level 17 in Long Blades
  1544 | D        | Reached XP level 9. HP: 96/96 MP: 8/8
  1664 | D        | Killed an unseen horror
  1665 | D        | Reached skill level 18 in Long Blades
  1677 | D        | Killed an unseen horror
  1678 | D        | Reached skill level 15 in Fighting
  2118 | D        | Noticed a queen bee
  2134 | D        | Reached ****** piety under Trog
  2136 | D        | Received a gift from Trog
  2144 | D        | Reached skill level 10 in Dodging
  2149 | D        | Killed a queen bee
  2152 | D        | Reached XP level 10. HP: 107/107 MP: 9/9
  2154 | D        | Received a gift from Trog
  2176 | D        | Reached skill level 19 in Long Blades
  2180 | D        | Received a gift from Trog
  2185 | D        | Reached skill level 1 in Evocations
  2232 | D        | Received a gift from Trog
  2510 | D        | Noticed a cane toad
  2510 | D        | Noticed a cane toad
  2514 | D        | Killed a cane toad
  2518 | D        | Killed a cane toad
  2739 | D        | Received a gift from Trog
  2860 | D        | Reached skill level 20 in Long Blades
  3167 | D        | Noticed an orc sorcerer
  3169 | D        | Noticed an orc high priest
  3170 | D        | Received a gift from Trog
  3171 | D        | Paralysed by an orc sorcerer for 7 turns
  3172 | D        | Killed an orc sorcerer
  3173 | D        | Reached XP level 11. HP: 121/121 MP: 10/10
  3181 | D        | Identified the +6 demon blade of Dawn {flame, rN+} (Trog
                  | gifted it to you in the Dungeon)
  3181 | D        | Received a gift from Trog
  3188 | D        | Killed an orc high priest
  3189 | D        | Received a gift from Trog
  3205 | D        | Found Bodas's Jewellery Shop.
  3407 | D        | Bought a ring of positive energy for 200 gold pieces
  3407 | D        | Bought a ring of poison resistance for 200 gold pieces
  3471 | D        | Noticed Dowan
  3471 | D        | Noticed Duvessa
  3480 | D        | Killed Duvessa
  3484 | D        | Killed Dowan
  3554 | D        | Reached skill level 10 in Armour
  3578 | D        | Noticed a lindwurm
  3584 | D        | Killed a lindwurm
  3585 | D        | Reached skill level 21 in Long Blades
  3842 | D        | Received a gift from Trog
  3843 | D        | Noticed Urug
  3850 | D        | Killed Urug
  3982 | D        | Noticed an eight-headed hydra
  3982 | D        | Noticed an eight-headed hydra
  3991 | D        | Killed a five-headed hydra
  3996 | D        | Killed a four-headed hydra
  4003 | D        | Noticed a death drake
  4011 | D        | Killed a death drake
  4332 | D        | Found a blossoming altar of Fedhas.
  4332 | D        | Noticed a spriggan druid
  4340 | D        | Killed a spriggan druid
  4340 | D        | Received a gift from Trog
  4364 | D        | Engulfed by a cloud of freezing vapour

Illustrated notes

Levels and vault maps discovered:
D:        dungeon_sprint_mu [sprint_mu_entry_forest, sprint_mu_temple_rooms,
          sprint_mu_d1_horrors, sprint_mu_d2_genie, sprint_mu_d3_branching,
          sprint_mu_orc_legion, sprint_mu_elf_gauntlet, sprint_mu_hive_nellie,
          sprint_mu_lair_fedhas, sprint_mu_vaults_butterflies,
          sprint_mu_slime_circle, sprint_mu_swamp_cave, sprint_mu_snake_twists,
          sprint_mu_blade_basic, sprint_mu_crypt_lich, sprint_mu_tomb_spiral,
          sprint_mu_vestibule_basic, sprint_mu_gehenna_hellfire,
          sprint_mu_dis_giant, sprint_mu_tartarus_statrot,
          sprint_mu_cocytus_islands, sprint_mu_zot1]

Skill      XL: |  1  2  3  4  5  6  7  8  9 10 11 |
---------------+----------------------------------+-----
Fighting       | 5 7 8 9 12 14 15 18 20 | 20.8
Long Blades    | 5 7 9 11 14 17 18 20 21 | 21.7
Armour         | 3 4 5 6 7 9 12 | 12.3
Dodging        | 3 4 5 6 7 8 10 12 14 | 14.0
Stealth        | 1 2 4 |  4.1
Evocations     | 1 |  1.4

Action                   |  1- 3 |  4- 6 |  7- 9 | 10-12 || total
-------------------------+-------+-------+-------+-------++-------
Melee: Falchion          |    18 |    47 |       |       ||    65
       Headbutt          |     4 |     2 |    15 |    29 ||    50
       Punch             |       |     1 |     1 |     3 ||     5
       Long sword        |       |       |    10 |       ||    10
       Scimitar          |       |       |    61 |    85 ||   146
       Great sword       |       |       |       |    22 ||    22
       Demon blade       |       |       |       |    62 ||    62
Invok: Berserk           |     2 |     3 |     4 |     6 ||    15
       Trog's Hand       |       |       |     1 |     2 ||     3
       Brothers in Arms  |       |       |       |     3 ||     3
Evoke: Piece from Xom's  |       |       |     1 |       ||     1
  Use: Potion            |       |     3 |       |     2 ||     5
       Scroll            |       |       |       |     1 ||     1
Armor: Leather armour    |       |       |    10 |    21 ||    31
       Scale mail        |       |       |       |     7 ||     7
       Chain mail        |       |       |       |     6 ||     6
Dodge: Dodged            |     6 |    16 |    39 |    92 ||   153
